AoeStats
← Nessy

Arabia

508616405Analyzed
4v4 RM · 10d ago on Sep 23, 2026· 41m 52s· 8 players
Game mode
Random Map
Map size
Large (8 player)
Population
200
Speed
Normal
Resources
Standard
Victory
Conquest
Starting age
Dark Age
Ending age
Imperial Age
RankedLock teamsTeams togetherTeam positionsShared explorationLock speedFull tech treeHidden civsTurbo modeCheats
Victory
Defeat
🇦🇺 Maya · Australia
1524
+15
🇦🇺 Bengalis · Australia
1464
+17
🇦🇺 Georgians · Australia
1435
+19
🇦🇺 Gurjaras · Australia
1413
+19
🇺🇸 Magyars · United States
1594
-21
🇬🇧 Malay · United Kingdom
1469
-17
1467
-16
🇻🇳 Huns · Vietnam
1449
-16
dustbin
6:54 Loom
9:51 Feudal Age
10:39 Double-Bit Axe
15:17 Fletching
17:30 Padded Archer Armor
21:53 Gold Mining
25:24 Castle Age
25:26 Crossbowman
26:01 Bodkin Arrow
28:42 Wheelbarrow
28:37 Husbandry
30:23 Thumb Ring
30:37 Leather Archer Armor
31:50 Bloodlines
瓦兰吉程咬金三板斧
6:39 Loom
8:45 Feudal Age
9:30 Double-Bit Axe
12:18 Scale Barding Armor
13:56 Forging
22:19 Bloodlines
25:52 Castle Age
25:56 Light Cavalry
26:57 Chain Barding Armor
27:17 Husbandry
27:54 Iron Casting
27:58 Wheelbarrow
28:11 Bow Saw
28:06 Horse Collar
30:26 Gold Mining
35:41 Stone Mining
38:47 Hand Cart
40:19 Gold Shaft Mining
39:46 Heavy Plow
40:23 Stirrups
Cufufalating
7:17 Loom
10:31 Feudal Age
16:21 Double-Bit Axe
16:32 Fletching
19:45 Wheelbarrow
20:03 Gold Mining
20:48 Horse Collar
21:18 Padded Archer Armor
25:37 Castle Age
24:34 Crossbowman
25:11 Bodkin Arrow
26:14 Bow Saw
28:10 Hand Cart
28:16 Heavy Plow
29:25 Leather Archer Armor
30:19 Thumb Ring
30:44 Ballistics
35:17 Imperial Age
34:58 Bracer
36:13 Chemistry
35:00 Arbalester
39:44 Ring Archer Armor
39:56 Stone Mining
买女孩的小火柴
6:07 Loom
8:52 Feudal Age
9:22 Double-Bit Axe
16:07 Scale Barding Armor
21:35 Wheelbarrow
25:15 Castle Age
24:41 Bloodlines
24:26 Gold Mining
24:52 Horse Collar
25:17 Light Cavalry
26:19 Chain Barding Armor
33:01 Town Watch
34:55 Bow Saw
35:31 Heavy Plow
35:48 Fletching
37:33 Husbandry
38:23 Stone Mining
39:31 Bodkin Arrow
42:14 Imperial Age
Metronomical
6:54 Loom
9:10 Feudal Age
12:44 Fletching
21:35 Double-Bit Axe
27:01 Castle Age
26:19 Padded Archer Armor
26:55 Gold Mining
27:39 Bodkin Arrow
27:10 Crossbowman
27:46 Crossbowman
27:52 Crossbowman
30:22 Wheelbarrow
29:29 Horse Collar
32:58 Bow Saw
32:39 Town Watch
39:58 Scale Barding Armor
40:24 Forging
40:47 Bloodlines
Nessy
6:15 Loom
8:49 Feudal Age
9:24 Double-Bit Axe
14:29 Scale Barding Armor
17:55 Bloodlines
21:35 Castle Age
20:04 Forging
21:16 Horse Collar
21:38 Light Cavalry
22:32 Bow Saw
25:36 Wheelbarrow
25:24 Chain Barding Armor
31:09 Husbandry
32:14 Hand Cart
32:44 Iron Casting
41:47 Imperial Age
41:46 Heavy Camel Rider
TDI
0:26 Loom
8:33 Feudal Age
11:28 Fletching
22:54 Castle Age
21:12 Double-Bit Axe
22:18 Padded Archer Armor
22:18 Gold Mining
22:56 Crossbowman
23:32 Bodkin Arrow
30:24 Ballistics
32:06 Bow Saw
40:37 Imperial Age
38:45 Leather Archer Armor
41:37 Wheelbarrow
40:48 Town Watch
41:30 Bracer
42:00 Ring Archer Armor
41:03 Arbalester
41:28 Capped Ram
Blue
6:30 Loom
8:44 Feudal Age
9:35 Double-Bit Axe
9:31 Horse Collar
11:55 Wheelbarrow
17:49 Scale Barding Armor
18:11 Bloodlines
18:51 Forging
22:28 Castle Age
22:38 Fletching
23:33 Chain Barding Armor
22:35 Light Cavalry
26:25 Iron Casting
25:47 Bodkin Arrow
26:50 Padded Archer Armor
29:56 Leather Archer Armor
29:58 Bow Saw
33:13 Gold Mining
33:53 Hand Cart
35:12 Ballistics
36:29 Stone Mining
36:54 Elite Skirmisher
37:54 Husbandry
43:11 Imperial Age
41:35 Heavy Plow
Connection lost

Rejoining the realm…

Still unreachable

The connection could not be restored.

Session expired

The server has moved on; the page needs a fresh start.